PA
CHICAGO TULA @ GALESBURG GUZZLERS
08/12/2041
 
TOP OF THE 1ST
Chicago Tula batting - Pitching for Galesburg Guzzlers : RHP Jorge Cambeiro
Pitching: RHP Jorge Cambeiro
Batting: RHB José Salas 0-0: Foul Ball, location: 2F
0-1: Ball
1-1: Ground out 6-3 (Groundball, 6, EV 91.9 MPH)
Batting: LHB Carlos Díaz 0-0: Called Strike
0-1: Ground out 4-3 (Groundball, 4S, EV 63.8 MPH)
Batting: LHB Greg Rogers 0-0: Called Strike
0-1: Ball
1-1: Foul Ball, location: 2F
1-2: Foul Ball, location: 2F
1-2: Ball
2-2: Strikes out swinging
Top of the 1st over - 0 runs, 0 hits, 0 errors, 0 left on base; Chicago 0 - Galesburg 0
BOTTOM OF THE 1ST
Galesburg Guzzlers batting - Pitching for Chicago Tula : LHP Clément Moreno
Pitching: LHP Clément Moreno
Batting: RHB Cheh Che 0-0: Ground out 5-3 (Groundball, 56, EV 93.1 MPH)
Batting: SHB Jorge Rocha 0-0: Ball
1-0: Called Strike
1-1: Ball
2-1: Reached on error, E5 (Groundball, 56, EV 80.6 MPH)
Batting: RHB Bo Rajat 0-0: Ball
1-0: Ball
2-0: Foul Ball, location: 2F
2-1: TRIPLE (Flyball, 8LXD, EV 98.8 MPH)
Jorge Rocha scores
Batting: RHB Shi-xian Zhào 0-0: Swinging Strike
0-1: Ball
1-1: Swinging Strike
1-2: Foul Ball, location: 2F
1-2: Ball
2-2: Fly out, F7 (Flyball, 78S, EV 88.1 MPH)
Runner from 3rd tags up, SCORES, throw by LF
Batting: SHB Félix Linaza 0-0: Foul Ball, location: 2F
0-1: SINGLE (Line Drive, 89S, EV 100.0 MPH)
Batting: RHB Paul Kelly 0-0: Called Strike
0-1: Ball
1-1: DOUBLE (Line Drive, 7LM, EV 96.2 MPH)
Félix Linaza to third
Runner from 3rd tries for Home, SAFE, no throw by LF
Batting: RHB Freddie Butterworth 0-0: Ball
1-0: Fly out, F7 (Flyball, 7D, EV 103.1 MPH)
Bottom of the 1st over - 3 runs, 3 hits, 1 error, 1 left on base; Chicago 0 - Galesburg 3
TOP OF THE 2ND
Chicago Tula batting - Pitching for Galesburg Guzzlers : RHP Jorge Cambeiro
Batting: RHB Guillermo Dettori 0-0: Ball
1-0: Ball
2-0: Foul Ball, location: 2F
2-1: Swinging Strike
2-2: Foul Ball, location: 2F
2-2: Foul Ball, location: 2F
2-2: Foul Ball, location: 2F
2-2: Strikes out swinging
Batting: LHB Rafael Mora 0-0: Ball
1-0: SINGLE (Groundball, 4MD, EV 105.6 MPH)
Batting: RHB Jeff Weber 0-0: Ball
1-0: Foul Ball, location: 2F
1-1: Fly out, F9 (Flyball, 9S, EV 83.8 MPH)
Batting: RHB Jorge Díaz 0-0: Called Strike
0-1: Ground out 4-3 (Groundball, 4, EV 83.1 MPH)
Top of the 2nd over - 0 runs, 1 hit, 0 errors, 1 left on base; Chicago 0 - Galesburg 3
BOTTOM OF THE 2ND
Galesburg Guzzlers batting - Pitching for Chicago Tula : LHP Clément Moreno
Batting: RHB Ethan Allcorn 0-0: Ball
1-0: Ball
2-0: Ball
3-0: Called Strike
3-1: Called Strike
3-2: Foul Ball, location: 2F
3-2: Strikes out swinging
Batting: RHB Ching Sun 0-0: Ball
1-0: Ball
2-0: Ball
3-0: Swinging Strike
3-1: Fly out, F8 (Flyball, 8RM, EV 95.0 MPH)
Batting: RHB Cheh Che 0-0: Called Strike
0-1: Foul Ball, location: 2F
0-2: Ground out 4-3 (Groundball, 4M, EV 81.9 MPH)
Bottom of the 2nd over - 0 runs, 0 hits, 0 errors, 0 left on base; Chicago 0 - Galesburg 3
TOP OF THE 3RD
Chicago Tula batting - Pitching for Galesburg Guzzlers : RHP Jorge Cambeiro
Batting: LHB Bob Fisher 0-0: Swinging Strike
0-1: Called Strike
0-2: Ball
1-2: Ball
2-2: Strikes out looking
Batting: RHB Cédric Dumas 0-0: Ball
1-0: Ball
2-0: Swinging Strike
2-1: Ball
3-1: Foul Ball, location: 2F
3-2: Strikes out swinging
Batting: RHB José Salas 0-0: Ball
1-0: Ball
2-0: Ball
3-0: Called Strike
3-1: Ground out 6-3 (Groundball, 6, EV 85.0 MPH)
Top of the 3rd over - 0 runs, 0 hits, 0 errors, 0 left on base; Chicago 0 - Galesburg 3
BOTTOM OF THE 3RD
Galesburg Guzzlers batting - Pitching for Chicago Tula : LHP Clément Moreno
Batting: SHB Jorge Rocha 0-0: Fly out, F7 (Flyball, 78S, EV 93.1 MPH)
Batting: RHB Bo Rajat 0-0: Ball
1-0: Swinging Strike
1-1: SINGLE (Groundball, 34, EV 85.6 MPH) (infield hit)
Batting: RHB Shi-xian Zhào 0-0: Ball
Bo Rajat steals 2nd base
1-0: Called Strike
1-1: Ball
2-1: Ball
3-1: Called Strike
3-2: Ground out U3 (Groundball, 3L, EV 99.4 MPH)
Bo Rajat to third
Batting: SHB Félix Linaza 0-0: Ball
1-0: Ball
2-0: Called Strike
2-1: Ground out 1-3 (Groundball, 34S, EV 85.0 MPH)
Bottom of the 3rd over - 0 runs, 1 hit, 0 errors, 1 left on base; Chicago 0 - Galesburg 3
TOP OF THE 4TH
Chicago Tula batting - Pitching for Galesburg Guzzlers : RHP Jorge Cambeiro
Batting: LHB Carlos Díaz 0-0: Called Strike
0-1: Ball
1-1: Ball
2-1: Foul Ball, location: 2F
2-2: Ball
3-2: Ground out 6-3 (Groundball, 56, EV 80.0 MPH)
Batting: LHB Greg Rogers 0-0: Ground out U3 (Groundball, 3, EV 83.8 MPH)
Batting: RHB Guillermo Dettori 0-0: Called Strike
0-1: Ball
1-1: Called Strike
1-2: Ball
2-2: Strikes out swinging
Top of the 4th over - 0 runs, 0 hits, 0 errors, 0 left on base; Chicago 0 - Galesburg 3
BOTTOM OF THE 4TH
Galesburg Guzzlers batting - Pitching for Chicago Tula : LHP Clément Moreno
Batting: RHB Paul Kelly 0-0: Ball
1-0: Called Strike
1-1: Ball
2-1: SINGLE (Line Drive, 89S, EV 111.9 MPH)
Batting: RHB Freddie Butterworth 0-0: Called Strike
0-1: Ball
1-1: Ball
2-1: Fielders Choice at 2nd, 4-6 (Groundball, 4, EV 86.2 MPH)
Batting: RHB Ethan Allcorn 0-0: Called Strike
0-1: SINGLE (Groundball, 56D, EV 97.5 MPH)
Freddie Butterworth to second
Batting: RHB Ching Sun 0-0: Ball
1-0: SINGLE (Groundball, 3D, EV 110.0 MPH)
Freddie Butterworth to third
Ethan Allcorn to second
Runner from 3rd tries for Home, SAFE, no throw by RF
Batting: RHB Cheh Che 0-0: Ball
1-0: Foul Ball, location: 2F
1-1: Ball
2-1: Ball
3-1: DOUBLE (Groundball, 5L, EV 100.6 MPH)
Ethan Allcorn scores
Ching Sun to third
Runner from 3rd tries for Home, SAFE, throw by LF to home
Batting: SHB Jorge Rocha 0-0: Ball
1-0: Called Strike
1-1: Ball
2-1: Ball
3-1: Swinging Strike
3-2: Strikes out looking
Batting: RHB Bo Rajat 0-0: Called Strike
0-1: Ball
1-1: Foul Ball, location: 2F
1-2: Ball
2-2: Ball
3-2: Foul Ball, location: 2F
3-2: Foul Ball, location: 2F
3-2: Foul Ball, location: 2F
3-2: Base on Balls
Pitching: RHP Sekien Saromi
Batting: RHB Shi-xian Zhào 0-0: Called Strike
0-1: Ball
1-1: Fly out, F9 (Line Drive, 9D, EV 90.6 MPH)
Bottom of the 4th over - 3 runs, 4 hits, 0 errors, 2 left on base; Chicago 0 - Galesburg 6
TOP OF THE 5TH
Chicago Tula batting - Pitching for Galesburg Guzzlers : RHP Jorge Cambeiro
Batting: LHB Rafael Mora 0-0: Called Strike
0-1: Swinging Strike
0-2: Ball
1-2: Foul Ball, location: 2F
1-2: Strikes out swinging
Batting: RHB Jeff Weber 0-0: Ball
1-0: Ball
2-0: Ball
3-0: Called Strike
3-1: Foul Ball, location: 2F
3-2: Foul Ball, location: 2F
3-2: Fly out, F8 (Flyball, 8LS, EV 83.8 MPH)
Batting: RHB Jorge Díaz 0-0: Ball
1-0: SINGLE (Groundball, 56D, EV 101.2 MPH)
Batting: LHB Bob Fisher Pickoff Throw to First - Out! 1-3
Top of the 5th over - 0 runs, 1 hit, 0 errors, 0 left on base; Chicago 0 - Galesburg 6
BOTTOM OF THE 5TH
Galesburg Guzzlers batting - Pitching for Chicago Tula : RHP Sekien Saromi
Batting: SHB Félix Linaza 0-0: Ball
1-0: Swinging Strike
1-1: Called Strike
1-2: SINGLE (Line Drive, 8LS, EV 99.4 MPH)
Batting: RHB Paul Kelly 0-0: Called Strike
0-1: Foul Ball, location: 2F
0-2: Strikes out swinging
Batting: RHB Freddie Butterworth 0-0: Called Strike
Félix Linaza is caught stealing 2nd base 2-4
0-1: Ball
1-1: Called Strike
1-2: Ball
2-2: Ground out 6-3 (Groundball, 6, EV 102.5 MPH)
Bottom of the 5th over - 0 runs, 1 hit, 0 errors, 0 left on base; Chicago 0 - Galesburg 6
TOP OF THE 6TH
Chicago Tula batting - Pitching for Galesburg Guzzlers : RHP Jorge Cambeiro
Batting: LHB Bob Fisher 0-0: Swinging Strike
0-1: Called Strike
0-2: Ball
1-2: Foul Ball, location: 2F
1-2: Foul Ball, location: 2F
1-2: Ball
2-2: Ball
3-2: Strikes out looking
Batting: RHB Cédric Dumas 0-0: Foul Ball, location: 2F
0-1: Foul Ball, location: 2F
0-2: Ball
1-2: Strikes out looking
Batting: RHB José Salas 0-0: Called Strike
0-1: Foul Ball, location: 2F
0-2: SINGLE (Groundball, 34D, EV 103.1 MPH)
Pitching: RHP Phil Alldred
Batting: LHB Carlos Díaz 0-0: Called Strike
0-1: Swinging Strike
0-2: Ball
1-2: Ball
2-2: Ball
3-2: Foul Ball, location: 2F
3-2: Foul Ball, location: 2F
3-2: Strikes out swinging
Top of the 6th over - 0 runs, 1 hit, 0 errors, 1 left on base; Chicago 0 - Galesburg 6
BOTTOM OF THE 6TH
Galesburg Guzzlers batting - Pitching for Chicago Tula : RHP Sekien Saromi
Batting: RHB Ethan Allcorn 0-0: Ball
1-0: Called Strike
1-1: Ball
2-1: Ball
3-1: Base on Balls
Batting: RHB Ching Sun 0-0: Called Strike
0-1: Ball
1-1: Swinging Strike
1-2: Ball
2-2: Foul Ball, location: 2F
2-2: Foul Ball, location: 2F
2-2: Strikes out swinging
Batting: RHB Cheh Che 0-0: Ball
1-0: Called Strike
1-1: Foul Ball, location: 2F
1-2: Strikes out swinging
Batting: SHB Jorge Rocha 0-0: Ground out 6-3 (Groundball, 6M, EV 104.4 MPH)
Bottom of the 6th over - 0 runs, 0 hits, 0 errors, 1 left on base; Chicago 0 - Galesburg 6
TOP OF THE 7TH
Chicago Tula batting - Pitching for Galesburg Guzzlers : RHP Phil Alldred
Batting: LHB Greg Rogers 0-0: Foul Ball, location: 2F
0-1: Called Strike
0-2: Ball
1-2: Ball
2-2: Ball
3-2: Fly out, F7 (Flyball, 7LM, EV 86.9 MPH)
Batting: RHB Guillermo Dettori 0-0: Called Strike
0-1: Ball
1-1: Ball
2-1: Foul Ball, location: 2F
2-2: Strikes out swinging
Batting: LHB Rafael Mora 0-0: Ball
1-0: Foul Ball, location: 2F
1-1: Foul Ball, location: 2F
1-2: Ball
2-2: Fly out, F6 (Popup, 6M, EV 75.0 MPH)
Top of the 7th over - 0 runs, 0 hits, 0 errors, 0 left on base; Chicago 0 - Galesburg 6
BOTTOM OF THE 7TH
Galesburg Guzzlers batting - Pitching for Chicago Tula : RHP Sekien Saromi
Batting: RHB Bo Rajat 0-0: Ball
1-0: Foul Ball, location: 2F
1-1: Called Strike
1-2: Ball
2-2: Ball
3-2: Ground out 1-3 (Groundball, 13S, EV 64.4 MPH)
Batting: RHB Shi-xian Zhào 0-0: Swinging Strike
0-1: Ball
1-1: Called Strike
1-2: Foul Ball, location: 2F
1-2: Ground out 4-3 (Groundball, 34, EV 87.5 MPH)
Batting: SHB Félix Linaza 0-0: Ball
1-0: Fly out, F6 (Popup, 6, EV 56.2 MPH)
Bottom of the 7th over - 0 runs, 0 hits, 0 errors, 0 left on base; Chicago 0 - Galesburg 6
TOP OF THE 8TH
Chicago Tula batting - Pitching for Galesburg Guzzlers : RHP Phil Alldred
Batting: RHB Jeff Weber 0-0: Ball
1-0: Called Strike
1-1: Foul Ball, location: 2F
1-2: Ball
2-2: Reached on error, E6 (Groundball, 6, EV 78.8 MPH)
Batting: RHB Jorge Díaz 0-0: Called Strike
0-1: Foul Ball, location: 2F
0-2: Ball
1-2: Strikes out looking
Batting: LHB Bob Fisher 0-0: Fly out, F7 (Flyball, 7S, EV 81.2 MPH)
Batting: RHB Cédric Dumas 0-0: Fly out, F7 (Flyball, 78S, EV 84.4 MPH)
Top of the 8th over - 0 runs, 0 hits, 1 error, 1 left on base; Chicago 0 - Galesburg 6
BOTTOM OF THE 8TH
Galesburg Guzzlers batting - Pitching for Chicago Tula : RHP Sekien Saromi
Batting: RHB Paul Kelly 0-0: Swinging Strike
0-1: Swinging Strike
0-2: Ball
1-2: Strikes out swinging
Batting: RHB Freddie Butterworth 0-0: Called Strike
0-1: Called Strike
0-2: Hit by Pitch
Batting: RHB Ethan Allcorn 0-0: Ball
1-0: Fly out, F9 (Flyball, 9LS, EV 92.5 MPH)
Batting: RHB Ching Sun 0-0: Swinging Strike
0-1: Ball
1-1: Ball
2-1: Called Strike
2-2: Strikes out swinging
Bottom of the 8th over - 0 runs, 0 hits, 0 errors, 1 left on base; Chicago 0 - Galesburg 6
TOP OF THE 9TH
Chicago Tula batting - Pitching for Galesburg Guzzlers : RHP Phil Alldred
Batting: RHB José Salas 0-0: Ball
1-0: Ball
2-0: Ball
3-0: Base on Balls
Batting: LHB Carlos Díaz 0-0: Ball
1-0: Called Strike
1-1: Called Strike
1-2: SINGLE (Groundball, 3D, EV 95.6 MPH)
José Salas to second
Pitching: RHP Aarnoud Luyks
Batting: LHB Greg Rogers 0-0: Ball
1-0: Foul Ball, location: 2F
1-1: Ball
2-1: Foul Ball, location: 2F
2-2: Ball
3-2: Strikes out looking
Batting: RHB Guillermo Dettori 0-0: Called Strike
0-1: Ball
1-1: Foul Ball, location: 2F
1-2: Strikes out swinging
Batting: LHB Rafael Mora 0-0: Foul Ball, location: 2F
0-1: Called Strike
0-2: Ball
1-2: Ball
2-2: Ground out 4-3 (Groundball, 4, EV 88.1 MPH)
Top of the 9th over - 0 runs, 1 hit, 0 errors, 2 left on base; Chicago 0 - Galesburg 6
Tuesday, January 5th, 2021 - OOTP Baseball 20.8 Build 74